 Dungeon Crawl Stone Soup version 0.26-b1-59-ge38874ec40 (webtiles) character file.

Game seed: 3763729831770115558

467 seigurt the Cleaver (level 7, -2/61 HPs)
             Began as a Hill Orc Fighter on Jan 9, 2021.
             Slain by a sky beast (6 damage)
             ... on level 4 of the Dungeon.
             The game lasted 00:14:18 (5765 turns).

seigurt the Cleaver (Hill Orc Fighter)              Turns: 5765, Time: 00:14:19

Health: -2/61      AC:  5    Str: 21    XL:     7   Next: 8%
Magic:  7/7        EV:  8    Int:  8    God:
Gold:   246        SH:  9    Dex: 10    Spells: 6/6 levels left

rFire    + . .     SeeInvis .   a - +0 war axe
rCold    . . .     Faith    .   c - +0 kite shield
rNeg     + . .     Spirit   .   v - +2 leather armour {rF+}
rPois    .         Reflect  .   (no helmet)
rElec    .         Harm     .   (no cloak)
rCorr    .         Rampage  .   (no gloves)
Will     .....                  (no boots)
Stlth    +.........             (no amulet)
HPRegen  0.20/turn              g - ring of positive energy
MPRegen  0.10/turn              (no ring)

@: lethally poisoned (-2 -> -4)
A: no striking features
a: no special abilities


You were on level 4 of the Dungeon.
You visited 1 branch of the dungeon, and saw 5 of its levels.

You collected 246 gold pieces.

Inventory:

Hand Weapons
 a - a +0 war axe (weapon)
 i - a +2 dagger of venom
Missiles
 b - 3 boomerangs
 h - 7 javelins
 k - 211 stones (quivered)
 r - 8 poisoned darts
 w - 5 curare-tipped darts
Armour
 c - a +0 kite shield (worn)
 v - a +2 leather armour of fire resistance (worn)
Jewellery
 g - a ring of positive energy (left hand)
Wands
 f - a wand of random effects (12)
Scrolls
 j - a scroll of enchant weapon {unknown}
 l - a scroll of immolation {unknown}
 n - 5 scrolls of teleportation
 q - a scroll of fear {unknown}
 s - a scroll of remove curse {unknown}
 x - a scroll of blinking {unknown}
 y - a scroll of noise {unknown}
 A - a scroll of fog {unknown}
 B - a scroll of magic mapping {unknown}
Potions
 d - a potion of might
 e - 2 potions of heal wounds
 m - 3 potions of curing
 o - a potion of lignification {unknown}
 p - a potion of mutation {unknown}
 t - 2 potions of flight
 u - a potion of brilliance {unknown}
 z - a potion of invisibility {unknown}
 C - 2 potions of haste


   Skills:
 - Level 5.0 Fighting
 + Level 8.9 Axes
 - Level 3.4 Armour
 - Level 3.4 Shields


You had 6 spell levels left.
You didn't know any spells.
Your spell library was empty.

Dungeon Overview and Level Annotations

Branches:
Dungeon (5/15)
 Temple: D:4-7

Altars:
Fedhas
Hepliaklqana
Ru
Trog
Wu Jian

Annotations:
D:3 2 transporters, VictoriousLee's ghost, amateur FoAK


Message History

The sky beast hits you.
* * * LOW HITPOINT WARNING * * *
The sky beast shocks you.
* * * LOW HITPOINT WARNING * * *
A sky beast is nearby!
A sky beast is nearby!
A sky beast is nearby!
Unknown command.
You feel sick.
You feel sick.
You feel sick.
The sky beast flickers out of sight!
Deactivating autopickup; reactivate with Ctrl-A.
You feel sick.
You feel sick.
Unknown command.
You feel sick. Something hits you.
* * * LOW HITPOINT WARNING * * *
Something shocks you.
You die...

######.##.################.#
...........................#
######.#.###################
#.#.# #.#.# ### #.#.# #.#
######.#.#######.#
........>........#
.###############@#
..............##.#
.############.#..# .# #.#..#
.# ########## .########..#
##>## .##........# 8...8
.##.#####..##.....#
.##.#....###8.....8


There were no monsters in sight!

Vanquished Creatures
  A bullfrog (D:3)
  A howler monkey (D:4)
  An orc priest (D:3)
  An orc wizard (D:3)
  An iguana (D:4)
  3 worker ants
  6 adders
  An ooze (D:2)
  An adder skeleton (D:4)
  5 worms
  3 dart slugs
  5 leopard geckos
  10 orcs
  5 ball pythons
  3 giant cockroaches
  7 hobgoblins
  4 jackals (D:2)
  7 kobolds
  11 bats
  12 frilled lizards
  12 goblins
  A leopard gecko skeleton (D:4)
  10 rats
111 creatures vanquished.

Vanquished Creatures (others)
  An orc wizard (D:3)
1 creature vanquished.

Grand Total: 112 creatures vanquished

Notes
Turn   | Place    | Note
-------+----------+-------------------------------------------
     0 | D:1      | seigurt the Hill Orc Fighter began the quest for the Orb.
     0 | D:1      | Reached XP level 1. HP: 19/19 MP: 1/1
   253 | D:1      | Reached XP level 2. HP: 25/27 MP: 2/2
   699 | D:1      | Reached XP level 3. HP: 34/34 MP: 3/3
  1096 | D:1      | Reached skill level 5 in Fighting
  1159 | D:1      | Reached skill level 3 in Axes
  1437 | D:2      | Reached XP level 4. HP: 39/42 MP: 4/4
  1539 | D:2      | Reached skill level 4 in Axes
  1730 | D:2      | Found a hazy altar of Hepliaklqana.
  1735 | D:2      | Found a bloodstained altar of Trog.
  2293 | D:3      | Noticed a bullfrog
  2297 | D:3      | Killed a bullfrog
  2298 | D:3      | Reached skill level 5 in Axes
  2298 | D:3      | Reached XP level 5. HP: 36/48 MP: 5/5
  2302 | D:3      | Reached skill level 6 in Axes
  2657 | D:3      | Found a transporter.
  2734 | D:3      | Found a transporter.
  2743 | D:3      | Noticed VictoriousLee's ghost (amateur FoAK)
  3102 | D:3      | Reached XP level 6. HP: 38/56 MP: 6/6
  3220 | D:3      | Reached skill level 7 in Axes
  3251 | D:3      | You fall into a shaft and drop 1 floor!
  3712 | D:3      | Found an ornate altar of the Wu Jian Council.
  4904 | D:4      | Found a sacrificial altar of Ru.
  4971 | D:4      | Reached skill level 8 in Axes
  5445 | D:4      | Reached XP level 7. HP: 59/61 MP: 7/7
  5735 | D:5      | Entered Level 5 of the Dungeon
  5735 | D:5      | Found a blossoming altar of Fedhas.
  5765 | D:4      | Slain by a sky beast

Illustrated notes

Levels and vault maps discovered:
D:1:      saegor_arrival_simple_a, layout_basic, minmay_3d_cube
D:2:      layout_rooms, amethyst_overflow_temple_binary
D:3:      layout_loops_ring, nzn_wu_jian_contemplation,
          gammafunk_ghost_stat_death
D:4:      layout_basic, nicolae_overflow_hidden_temple, minmay_distorted
D:5:      layout_loops_ring, fedhas_altar_2, basic_altar, uniq_edmund,
          uniq_crazy_yiuf_cottage

Skill      XL: |  1  2  3  4  5  6 |
---------------+-------------------+-----
Fighting       | 4 5 |  5.0
Axes           | 3 5 6 8 |  8.9
Armour         | |  3.4
Shields        | |  3.4

Action                   |  1- 3 |  4- 6 |  7- 9 || total
-------------------------+-------+-------+-------++-------
Melee: War axe           |   126 |   200 |    31 ||   357
Throw: Stone             |    29 |   106 |       ||   135
       Javelin           |     4 |       |       ||     4
  Use: Scroll            |     3 |     2 |     1 ||     6
Armor: Scale mail        |    76 |    34 |       ||   110
       Leather armour    |       |    26 |     6 ||    32
Dodge: Dodged            |    43 |    48 |     4 ||    95
Block: Kite shield       |    76 |    92 |    20 ||   188
